 Dungeon Crawl Stone Soup version 0.22.1-1-ga44c0e5 (webtiles) character file.

1325 MalarOregon the Covered (level 8, -13/70 HPs)
             Began as a Minotaur Wanderer on Sept 27, 2018.
             Was a Believer of Kikubaaqudgha.
             Mangled by an orc warrior
             ... wielding a +0 glaive
              (24 damage)
             ... on level 5 of the Dungeon.
             The game lasted 00:12:21 (5896 turns).

MalarOregon the Covered (Minotaur Wanderer)         Turns: 5896, Time: 00:12:22

Health: -13/70     AC:  6    Str: 16    XL:     8   Next: 34%
Magic:  11/11      EV:  8    Int: 12    God:    Kikubaaqudgha [**....]
Gold:   318        SH:  9    Dex: 12    Spells: 2/12 levels left

rFire    . . .     SeeInvis .   g - +0 whip
rCold    . . .     Gourm    .   z - +0 shield
rNeg     . . .     Faith    .   a - +3 leather armour
rPois    .         Spirit   .   (helmet restricted)
rElec    .         Reflect  .   (no cloak)
rCorr    .         Harm     .   (no gloves)
MR       .....                  (no boots)
Stlth    +.........             f - amulet of rage
HPRegen  0.21/turn              k - +2 ring of dexterity
MPRegen  0.12/turn              (no ring)

@: no status effects
A: retaliatory headbutt, horns 2
a: Receive Corpses, Renounce Religion, Evoke Berserk Rage


You were on level 5 of the Dungeon.
You worshipped Kikubaaqudgha.
Kikubaaqudgha was pleased with you.
You were near starving.

You visited 1 branch of the dungeon, and saw 6 of its levels.

You collected 318 gold pieces.

Inventory:

Hand Weapons
 g - a +0 whip (weapon)
   (You found it on level 1 of the Dungeon)
Armour
 a - a +3 leather armour (worn)
   (You found it on level 1 of the Dungeon)
 z - a +0 shield (worn)
   (You found it on level 4 of the Dungeon)
Jewellery
 f - an amulet of rage (around neck)
   (You found it on level 2 of the Dungeon)
 k - a +2 ring of dexterity (left hand)
   (You found it on level 2 of the Dungeon)
 o - an uncursed amulet of the acrobat {unknown}
   (You found it on level 3 of the Dungeon)
 y - an uncursed ring of protection from cold {unknown}
   (You found it on level 4 of the Dungeon)
Wands
 i - a wand of polymorph (19)
   (You took it off Grinder on level 3 of the Dungeon)
 t - a wand of flame (16)
   (You found it on level 3 of the Dungeon)
Scrolls
 b - 2 scrolls of magic mapping {unknown}
 c - 7 scrolls of identify {unknown}
 h - 2 scrolls of enchant weapon {unknown}
 j - 4 scrolls of remove curse {unknown}
 m - a scroll of teleportation {unknown}
 p - a scroll of fog {unknown}
 s - a scroll of amnesia {unknown}
 u - a scroll of random uselessness {unknown}
 w - a scroll of fear {unknown}
Potions
 d - a potion of berserk rage {unknown}
 l - 2 potions of might {unknown}
 n - a potion of curing {@q1}
 r - a potion of lignification {unknown}
 v - 2 potions of flight {unknown}
 x - 2 potions of invisibility {unknown}
 A - 2 potions of degeneration {unknown}
Comestibles
 e - 12 rations {!d}


   Skills:
 * Level 6.0 Fighting
 * Level 5.9 Maces & Flails
   Level 1.1 Crossbows
 - Level 1.0 Throwing
 * Level 6.1 Armour
 * Level 3.3 Shields
 + Level 2.8 Spellcasting
 - Level 1.3 Conjurations
 + Level 2.0 Necromancy


You had 2 spell levels left.
You knew the following spells:

 Your Spells              Type           Power        Failure   Level  Hunger
a - Magic Dart            Conj           #...         58%         1    #......
b - Pain                  Necr           #...         52%         1    #......
c - Animate Dead          Necr           N/A          99%         4    #####..
q - Vampiric Draining     Necr           #.........   87%         3    ###....
u - Animate Skeleton      Necr           N/A          52%         1    #......

Your spell library contained the following spells:

 Spells                   Type           Power        Failure   Level  Hunger
 Sublimation of Blood     Necr           #.........   65%         2    ###....
 Summon Small Mammal      Summ           #...         80%         1    #......
 Call Imp                 Summ           #.......     90%         2    ###....
 Regeneration             Chrm/Necr      #.........   95%         3    ###....
 Mephitic Cloud           Conj/Pois/Air  #.......     97%         3    ###....
 Call Canine Familiar     Summ           #.......     99%         3    ###....
 Summon Guardian Golem    Hex/Summ       #.......     99%         3    ###....
 Summon Ice Beast         Ice/Summ       #.......     100%        4    #####..
 Summon Lightning Spire   Summ/Air       #.......     100%        4    #####..


Dungeon Overview and Level Annotations

Branches:
Dungeon (6/15)             Temple (0/1) D:4

Altars:
Elyvilon
Fedhas
Gozag
Kikubaaqudgha
Nemelex Xobeh
Okawaru
Qazlal
Uskayaw
Zin


Innate Abilities, Weirdness & Mutations

You reflexively headbutt those who attack you in melee.
You have a pair of horns on your head.


Message History

You start resting.
You are feeling very hungry.
You start resting.
You climb downwards.
The scorpion barely misses you. You furiously retaliate!
You headbutt the scorpion! The orc warrior hits you with a glaive!
The scorpion barely misses you. You furiously retaliate!
You headbutt the scorpion.
There is a stone staircase leading up, spattered with blood here.
You closely miss the scorpion.
The orc warrior hits you with a glaive!!
The scorpion stings you.
* * * LOW HITPOINT WARNING * * *
You hit the scorpion.
You kill the scorpion!
Kikubaaqudgha accepts your kill.
Your Fighting skill increases to level 6!
Your Necromancy skill increases to level 2!
You block the orc warrior's attack. You block the orc warrior's attack.
Unknown command.
You hit the orc warrior but do no damage.
Your headbutt misses the orc warrior.
You are near starving!
You block the orc warrior's attack.
You hit the orc warrior but do no damage.
You closely miss the orc warrior. Your headbutt misses the orc warrior.
The orc warrior hits you with a glaive.
* * * LOW HITPOINT WARNING * * *
You hit the orc warrior. The orc warrior barely misses you.
You hit the orc warrior. The orc warrior barely misses you.
You furiously retaliate!
You headbutt the orc warrior! You whack the orc warrior!
You hit the orc warrior but do no damage.
The orc warrior closely misses you. You furiously retaliate!
You headbutt the orc warrior, but do no damage.
You hit the orc warrior. Your headbutt misses the orc warrior.
You block the orc warrior's attack.
You hit the orc warrior but do no damage.
You headbutt the orc warrior.
You hit the orc warrior but do no damage.
The orc warrior hits you with a glaive!!
* * * LOW HITPOINT WARNING * * *
You hit the orc warrior but do no damage.
The orc warrior hits you with a glaive!
* * * LOW HITPOINT WARNING * * *
You hit the orc warrior but do no damage.
You headbutt the orc warrior.
The orc warrior hits you with a glaive!!
You die...
Kikubaaqudgha rasps: "You have failed me!
Welcome... death!"

....## #[# #.##.......# #.#
.....# #.# #.##.##.##.# #>#
.....#######.# #.##.......# ##..
...#.........# #.##.##.##.###...
#.###############.##.##....#....≈
###### #..........#...#...≈≈
.....# #.#####...##...#...≈≈
...#.# #.##.o..†#####.....≈≈
.....# #.##@##<..###.......≈
.....# #.##.##....#.#.#....^
.....# #........##.##.#.....
...#.# #.#########.##.#>....
.....# #.# ###.##.#..... ######
#.# #.....o...... #.#
#.....###.### ####.#### #.....#
#.# #.......# #.....# #.#


You could see an orc warrior.

Vanquished Creatures
  Grinder (D:3)
  Sigmund (D:2)
  2 scorpions (D:5)
  3 wights (D:2)
  A howler monkey (D:5)
  4 crimson imps (D:5)
  2 hounds (D:4)
  A jelly (D:5)
  2 orc priests
  2 bullfrog skeletons
  2 orc wizards (D:3)
  2 worker ants
  A hound skeleton (D:6)
  7 gnolls
  6 adders
  3 oozes
  An adder skeleton (D:4)
  5 worms
  2 leopard geckos
  26 orcs
  3 ball pythons
  4 giant cockroaches
  5 hobgoblins (D:2)
  8 jackals
  6 bats
  4 frilled lizards
  7 goblins
  4 kobolds
  A leopard gecko skeleton (D:5)
  8 rats
124 creatures vanquished.

Notes
Turn   | Place    | Note
-------+----------+-------------------------------------------
     0 | D:1      | MalarOregon the Minotaur Wanderer began the quest for the
                  | Orb.
     0 | D:1      | MalarOregon set off with: a +0 ring mail, a +0 club, a
                  | ration {!d}
     0 | D:1      | Reached XP level 1. HP: 16/16 MP: 1/1
     2 | D:1      | Learned a level 1 spell: Magic Dart
     4 | D:1      | Learned a level 1 spell: Animate Skeleton
   227 | D:1      | Reached skill level 1 in Maces & Flails
   233 | D:1      | Reached XP level 2. HP: 22/23 MP: 3/3
   524 | D:1      | Reached XP level 3. HP: 17/29 MP: 4/4
   904 | D:2      | Found a glowing silver altar of Zin.
   996 | D:2      | Reached XP level 4. HP: 5/37 MP: 5/5
  1292 | D:2      | Found an iron altar of Okawaru.
  1356 | D:2      | Found an ancient bone altar of Kikubaaqudgha.
  1366 | D:2      | Became a worshipper of Kikubaaqudgha
  1389 | D:2      | Reached XP level 5. HP: 36/45 MP: 5/7
  1419 | D:2      | Noticed Sigmund
  1434 | D:2      | Killed Sigmund
  1434 | D:2      | Reached XP level 6. HP: 42/52 MP: 3/8
  1673 | D:2      | Found an opulent altar of Gozag.
  1673 | D:2      | Found a stormy altar of Qazlal.
  1797 | D:2      | Learned a level 1 spell: Pain
  1801 | D:2      | Learned a level 3 spell: Vampiric Draining
  1813 | D:3      | Found a faded altar of an unknown god.
  1992 | D:3      | Found a hide-covered altar of Uskayaw.
  2013 | D:3      | Noticed Grinder
  2018 | D:3      | Paralysed by Grinder for 5 turns
  2065 | D:3      | Paralysed by Grinder for 7 turns
  2135 | D:3      | Paralysed by Grinder for 3 turns
  2158 | D:3      | Paralysed by Grinder for 3 turns
  2164 | D:3      | Killed Grinder
  2164 | D:3      | Reached skill level 5 in Armour
  2164 | D:3      | Reached XP level 7. HP: 8/60 MP: 9/9
  2536 | D:3      | Reached * piety under Kikubaaqudgha
  2536 | D:3      | Identified Kikubaaqudgha's Reference Book on Sinister Magic
                  | (Kikubaaqudgha gifted it to you on level 3 of the Dungeon)
  2536 | D:3      | Received a gift from Kikubaaqudgha
  2761 | D:3      | Learned a level 4 spell: Animate Dead
  2777 | D:3      | Found a sparkling altar of Nemelex Xobeh.
  2868 | D:3      | Reached skill level 5 in Fighting
  3107 | D:3      | Reached skill level 5 in Maces & Flails
  3348 | D:4      | Found a staircase to the Ecumenical Temple.
  4029 | D:5      | Entered Level 5 of the Dungeon
  4038 | D:5      | Found a white marble altar of Elyvilon.
  4605 | D:5      | Reached XP level 8. HP: 45/69 MP: 10/10
  4606 | D:5      | Reached ** piety under Kikubaaqudgha
  4992 | D:5      | Found a blossoming altar of Fedhas.
  5896 | D:5      | Mangled by an orc warrior

Skill      XL: |  1  2  3  4  5  6  7  8 |
---------------+-------------------------+-----
Maces & Flails | 1 2 3 4 5 |  5.9
Armour         | 2 3 4 5 6 |  6.1
Fighting       | 2 3 4 5 6 |  6.0
Spellcasting   | 2 |  2.8
Shields        | 2 3 |  3.3
Necromancy     | 2 |  2.0
Crossbows      | |  1.1
Throwing       | |  1.0
Conjurations   | |  1.3

Action                   |  1- 3 |  4- 6 |  7- 9 || total
-------------------------+-------+-------+-------++-------
Melee: Whip              |    95 |   134 |   346 ||   575
       Club              |     6 |       |       ||     6
       Headbutt          |    16 |    28 |    61 ||   105
       Unarmed           |       |     5 |       ||     5
 Cast: Magic Dart        |       |     3 |     2 ||     5
  Use: Potion            |       |     2 |       ||     2
  Eat: Chunk             |       |     4 |    11 ||    15
Armor: Leather armour    |    36 |    32 |   105 ||   173
       Ring mail         |     2 |       |       ||     2
       Skin              |       |     1 |       ||     1
Dodge: Dodged            |    60 |    67 |   125 ||   252
Block: Shield            |       |       |    98 ||    98
